 Dungeon Crawl Stone Soup version 0.31-a0-1223-gfd5aef93c1 (webtiles) character file.

Game seed: 2594111692750778299

18 Ivernyr the Shield-Bearer (level 2, -2/24 HPs)
             Began as a Formicid Fighter on Dec 14, 2023.
             Slain by a gnoll
             ... wielding a +0 halberd
              (5 damage)
             ... on level 2 of the Dungeon.
             The game lasted 00:01:35 (1012 turns).

Ivernyr the Shield-Bearer (Formicid Fighter)        Turns: 1012, Time: 00:01:35

Health: -2/24      AC:  6    Str: 20    XL:     2   Next: 85%
Magic:  2/2        EV:  9    Int:  7    God:
Gold:   71         SH:  5    Dex: 13    Spells: 1/1 levels left

rFire   . . .        a - +0 quarterstaff
rCold   + . .        c - +0 buckler
rNeg    . . .        b - +0 scale mail
rPois   .            (helmet unavailable)
rElec   .            (no cloak)
rCorr   .            (no gloves)
SInv    +            (no boots)
Will    .....        (no amulet) Stlth
                     g - ring of protection from cold
HPRegen 0.24/turn    (no ring)
MPRegen 0.08/turn

%: no passive effects
@: no status effects
A: permanent stasis, dig shafts and tunnels, antennae 3, four strong arms
a: Dig, Shaft Self


You were on level 2 of the Dungeon.
You visited 1 branch of the dungeon, and saw 2 of its levels.

You collected 71 gold pieces.

Inventory:

Hand Weapons
 a - a +0 quarterstaff (weapon)
Armour
 b - a +0 scale mail (worn)
 c - a +0 buckler (worn)
Jewellery
 g - a ring of protection from cold (left hand)
Scrolls
 e - 2 scrolls of identify {unknown}
 h - a scroll of enchant weapon {unknown}
 j - a scroll of immolation {unknown}
 k - a scroll of teleportation {unknown}
Potions
 d - 3 potions of might
 f - 2 potions of curing {unknown}
 i - a potion of lignification {unknown}
 l - a potion of heal wounds {unknown}


   Skills:
 + Level 3.5 Fighting
 * Level 2.5 Staves
 + Level 3.5 Armour
 + Level 4.2 Shields


You had one spell level left.
You didn't know any spells.
Your spell library contained the following spells:

 Spells                   Type           Power      Damage    Failure   Level
 Arcjolt                  Conj/Air       0%         1d10      100%        5
 Plasma Beam              Fire/Air       0%         2x1d10    100%        6
 Vhi's Electric Charge    Tloc/Air       Unusable   N/A       N/A         4

Dungeon Overview and Level Annotations

Branches:
Dungeon (2/15)

Altars:


Innate Abilities, Weirdness & Mutations

You cannot be hasted, slowed, berserked, paralysed or teleported.
You can dig through walls and to a lower floor.
You have a pair of large antennae on your head. (SInv)
Your four strong arms can wield two-handed weapons with a shield.


Message History

You are poisoned.
You closely miss the kobold.
You feel very sick. The kobold hits you but does no damage.
You closely miss the kobold.
You feel sick. You block the kobold's attack.
You hit the kobold but do no damage.
You feel sick. The kobold barely misses you. x2
You barely miss the kobold.
You feel sick. The kobold barely misses you.
You closely miss the kobold.
You feel sick. You block the kobold's attack.
You thump the kobold!
You kill the kobold!
You feel sick.
You feel sick.
You are no longer poisoned.
You now have 50 gold pieces (gained 6).
Items here: ( ) ††.
Items here: ( ) ††.
You now have 59 gold pieces (gained 9).
Found a stone staircase leading down.
You now have 71 gold pieces (gained 12).
You open the door.
There is an open door here. 2 gnolls come into view.
The gnoll shouts!
There are monsters nearby!
A gnoll comes into view. It is wielding a +0 halberd.
The gnoll shouts!
The gnoll hits you with a +0 halberd! The gnoll hits you with a +0 spear!
* * * LOW HITPOINT WARNING * * *
You sock the gnoll!
The gnoll is almost dead.
The gnoll hits you from afar with a +0 halberd.
* * * LOW HITPOINT WARNING * * *
The gnoll hits you with a +0 spear.
* * * LOW HITPOINT WARNING * * *
You block the gnoll's attack. The gnoll barely misses you.
The gnoll hits you with a +0 spear.
* * * LOW HITPOINT WARNING * * *
You closely miss the gnoll. The gnoll hits you with a +0 halberd.
You die...

#.# #... #.# #... #.#
#...#### #.# #.......
#.# #......# #.#
#......# #####.#
#.....g# #...#.#
#....g@+ ####...#.#
####.g.# ......#.#
#...# ####....#.#
####...## #.......#.#
#.......# #.......#.#
#.......# #.....#...#
#.......###.....###.#
#.......'.............
#.......###.....####>..


You could see 3 gnolls.

Vanquished Creatures
  A bat (D:1)
  3 endoplasms
  A giant cockroach (D:1)
  2 goblins (D:1)
  3 hobgoblins
  A quokka (D:1)
  2 frilled lizards (D:1)
  2 kobolds
15 creatures vanquished.

Notes
Turn   | Place    | Note
-------+----------+-------------------------------------------
     0 | D:1      | Ivernyr the Formicid Fighter began the quest for the Orb.
     0 | D:1      | Reached XP level 1. HP: 18/18 MP: 1/1
   296 | D:1      | Reached XP level 2. HP: 24/24 MP: 2/2
  1012 | D:2      | Slain by a gnoll

Illustrated notes

Levels and vault maps discovered:
D:1:      co_arrival_square_in_a_square_in_a_square, layout_basic
D:2:      layout_basic, basic_altar

Action                     || total
---------------------------++-------
  Melee: Quarterstaff      ||    49
 Armour: Scale mail        ||    27
  Dodge: Dodged            ||    21
  Block: Buckler           ||    10

Table legend: (Time is in decaauts)
 A = Elapsed time spent in this place.
 B = Non-inter-level travel time spent in this place.
 C = Inter-level travel time spent in this place.
 D = Time resting spent in this place.
 E = Time spent auto-exploring this place.
 F = Levels seen in this place.
 G = Mean time per level.
                   A        B        C        D        E       F      G
               +--------+--------+--------+--------+--------+-----+--------+
         Total |   1021 |   1003 |     18 |     26 |    839 |   2 |  510.5 |
       Dungeon |   1021 |   1003 |     18 |     26 |    839 |   2 |  510.5 |
               +--------+--------+--------+--------+--------+-----+--------+

Top non-repeatable levels by time:
     D:1: 738 daAuts
     D:2: 282 daAuts
